 Dungeon Crawl Stone Soup version 0.23-a0-690-g0a1fc62 (webtiles) character file.

290 galech the Covered (level 6, 9/47 HPs)
             Began as a Demonspawn Fighter on Jan 11, 2019.
             Quit the game on level 3 of the Dungeon.
             The game lasted 00:04:09 (2384 turns).

galech the Covered (Demonspawn Fighter)             Turns: 2384, Time: 00:04:10

Health: 9/47       AC:  7    Str: 17    XL:     6   Next: 9%
Magic:  6/6        EV:  7    Int:  9    God:
Gold:   139        SH:  9    Dex: 14    Spells: 5/5 levels left

rFire    . . .     SeeInvis .   a - +0 war axe
rCold    + . .     Gourm    .   c - +0 shield
rNeg     . . .     Faith    .   b - +0 scale mail
rPois    .         Spirit   .   (no helmet)
rElec    .         Reflect  .   (no cloak)
rCorr    .         Harm     .   (no gloves)
MR       .....                  (no boots)
Stlth    ..........             (no amulet)
HPRegen  0.15/turn              (no ring)
MPRegen  0.10/turn              (no ring)

@: no status effects
A: claws 1, hooves 1, cold resistance 1, freezing cloud immunity
a: no special abilities


You were on level 3 of the Dungeon.
You were not hungry.

You visited 1 branch of the dungeon, and saw 3 of its levels.

You collected 139 gold pieces.

Inventory:

Hand Weapons
 a - a +0 war axe (weapon)
Armour
 b - a +0 scale mail (worn)
 c - a +0 shield (worn)
Scrolls
 g - 2 scrolls of enchant armour {unknown}
 h - 3 scrolls of amnesia {unknown}
 i - a scroll of teleportation {unknown}
 k - a scroll of blinking {unknown}
 l - 4 scrolls of identify {unknown}
 m - a scroll of immolation {unknown}
 r - a scroll of remove curse {unknown}
Potions
 d - a potion of might
 e - a potion of cancellation {unknown}
 j - a potion of heal wounds {unknown}
 o - a potion of brilliance {unknown}
 p - a potion of curing {unknown}
 q - 2 potions of flight {unknown}
Comestibles
 f - 5 rations
 n - a chunk of flesh


   Skills:
 + Level 3.5 Fighting
 + Level 3.8 Axes
 + Level 4.2 Armour
 + Level 1.1 Dodging
 + Level 3.3 Shields


You had 5 spell levels left.
You didn't know any spells.
Your spell library was empty.

Dungeon Overview and Level Annotations

Branches:
Dungeon (3/15)

Altars:
The Shining One


Innate Abilities, Weirdness & Mutations

You have sharp fingernails.
You have large cloven feet.
Your flesh is cold resistant. (rC+)
You are immune to freezing clouds.


Message History

You hit the orc priest. Your kick misses the orc priest.
The orc priest is almost dead.
The orc priest miscasts a cantrip.
You hit the orc priest.
You kill the orc priest!
You have reached level 6!
Your experience leads to an increase in your attributes!
Increase (S)trength, (I)ntelligence, or (D)exterity?
You feel agile.
Your demonic ancestry asserts itself...
Your fingernails lengthen.
You hit the orc. You block the orc's attack. The orc completely misses you.
You closely miss the orc. You kick the orc, but do no damage.
The orc is almost dead.
The orc hits you but does no damage.
You slash the orc!
You kill the orc!
Things that are here:
a +0 whip; a +0 leather armour Unknown command.
Are you sure you want to abandon this character and quit the game? (Confirm with "yes".)

##. #..
##.#
#..#
##..#
#...# #
#..)##.#
#..<@..#
#.######
#. #


There were no monsters in sight!

Vanquished Creatures
  3 orc priests
  2 orc wizards (D:2)
  4 gnolls (D:2)
  5 adders (D:2)
  2 worms (D:2)
  A leopard gecko (D:2)
  5 orcs
  4 ball pythons (D:2)
  3 giant cockroaches
  3 goblins
  5 hobgoblins
  6 jackals
  5 kobolds (D:1)
  A quokka (D:2)
  5 bats
  3 frilled lizards (D:1)
  5 rats
62 creatures vanquished.

Notes
Turn   | Place    | Note
-------+----------+-------------------------------------------
     0 | D:1      | galech the Demonspawn Fighter began the quest for the Orb.
     0 | D:1      | Reached XP level 1. HP: 18/18 MP: 1/1
   322 | D:1      | Reached skill level 3 in Armour
   406 | D:1      | Gained mutation: You have large cloven feet. [demonic
                  | ancestry]
   406 | D:1      | Reached XP level 2. HP: 23/24 MP: 2/2
  1015 | D:2      | Gained mutation: Your flesh is cold resistant. (rC+)
                  | [demonic ancestry]
  1015 | D:2      | Reached XP level 3. HP: 12/29 MP: 3/3
  1516 | D:2      | Reached XP level 4. HP: 33/35 MP: 4/4
  1528 | D:2      | Reached skill level 1 in Dodging
  1702 | D:2      | Found a glowing golden altar of the Shining One.
  1752 | D:2      | Gained mutation: You are immune to freezing clouds.
                  | [demonic ancestry]
  1752 | D:2      | Reached XP level 5. HP: 40/41 MP: 5/5
  1759 | D:2      | Reached skill level 4 in Armour
  2380 | D:3      | Gained mutation: You have sharp fingernails. [demonic
                  | ancestry]
  2380 | D:3      | Reached XP level 6. HP: 8/47 MP: 6/6
  2384 | D:3      | Quit the game

Vault maps used:
D:1:      dpeg_arrival_arbitrary_a
D:2:      nicolae_overflow_crystal_walls
D:3:      minmay_skewed_foursquare, grunt_dithmenos_smoke_and_mirrors,
          grunt_ministairs_1, minmay_cupped, uniq_sigmund

Skill      XL: |  1  2  3  4  5 |
---------------+----------------+-----
Armour         | 3 4 |  4.2
Axes           | 2 3 |  3.8
Shields        | 3 |  3.3
Dodging        | 1 |  1.1
Fighting       | |  3.5

Action                   |  1- 3 |  4- 6 || total
-------------------------+-------+-------++-------
Melee: War axe           |   128 |    82 ||   210
       Kick              |    16 |    28 ||    44
  Eat: Chunk             |     2 |     3 ||     5
Armor: Scale mail        |    59 |    22 ||    81
Dodge: Dodged            |    45 |    23 ||    68
Block: Shield            |    63 |    37 ||   100

Table legend:
 A = Non-vault XP
 B = Vault XP
 C = Vault XP percentage of total XP
 D = Non-vault monster count
 E = Vault monster count
 F = Vault count percentage of total count
                 A         B        C        D         E       F
            +---------+---------+-------+---------+---------+-------
      Total |     415 |       0 |   0.0 |      62 |       0 |   0.0
            +---------+---------+-------+---------+---------+-------
        D:1 |      32 |       0 |   0.0 |      22 |       0 |   0.0
        D:2 |     336 |       0 |   0.0 |      37 |       0 |   0.0
        D:3 |      47 |       0 |   0.0 |       3 |       0 |   0.0
            +---------+---------+-------+---------+---------+-------
